AoeStats
← Leonidas308284

Arena

510895609Analyzed
4v4 RM · 11h ago on Oct 3, 2026· 75m 26s· 8 players
Game mode
Random Map
Map size
Large (8 player)
Population
200
Speed
Normal
Resources
Standard
Victory
Conquest
Starting age
Dark Age
Ending age
Imperial Age
RankedLock teamsTeams togetherTeam positionsShared explorationLock speedFull tech treeHidden civsTurbo modeCheats
Victory
Defeat
🇮🇳 Turks · India
828
+14
🇷🇺 Khmer · Russia
808
+15
🇲🇽 Persians · Mexico
805
+15
🇴🇲 Saracens · Oman
783
+16
🇦🇷 Vietnamese · Argentina
827
-16
🇦🇷 Danes · Argentina
811
-16
🇦🇷 Lithuanians · Argentina
774
-15
🇧🇷 Bohemians · Brazil
737
-13
Naruto
5:07 Loom
12:48 Feudal Age
13:36 Double-Bit Axe
13:52 Horse Collar
16:33 Castle Age
17:55 Wheelbarrow
17:39 Heavy Plow
17:50 Bow Saw
23:36 Gold Mining
24:01 Stone Mining
26:28 Gold Shaft Mining
26:24 Hand Cart
30:10 Imperial Age
28:19 Ballistics
27:51 Fletching
28:13 Forging
28:09 Scale Barding Armor
28:55 Bodkin Arrow
29:58 Fortified Wall
30:53 Capped Ram
32:36 Chain Barding Armor
32:51 Iron Casting
32:48 Conscription
33:26 Elite Mameluke
35:54 Counterweights
43:09 Blast Furnace
42:45 Plate Barding Armor
41:58 Siege Ram
57:22 Bracer
57:38 Bloodlines
56:51 Light Cavalry
57:37 Husbandry
59:45 Caravan
59:39 Hussar
73:09 Pikeman
75:04 Chemistry
spartanking
14:11 Feudal Age
14:51 Double-Bit Axe
14:49 Horse Collar
15:32 Gold Mining
15:33 Stone Mining
18:31 Castle Age
23:06 Heavy Plow
24:47 Bow Saw
30:52 Imperial Age
32:21 Forging
32:01 Fletching
32:12 Scale Mail Armor
32:17 Scale Barding Armor
32:13 Padded Archer Armor
33:27 Gold Shaft Mining
32:42 Stone Mining
33:10 Chain Mail Armor
32:51 Bodkin Arrow
34:16 Conscription
38:00 Bloodlines
37:51 Husbandry
37:30 Heavy Camel Rider
42:41 Plate Mail Armor
42:31 Chain Barding Armor
42:12 Bracer
46:38 Fortified Wall
46:50 Ballistics
46:51 Bombard Tower
46:19 Arrowslits
46:30 Murder Holes
46:25 Guard Tower
46:46 Clinker Construction
46:56 Leather Archer Armor
55:16 Caravan
56:49 Squires
56:34 Arson
60:01 Keep
61:12 Wheelbarrow
60:23 Town Watch
60:30 Town Watch
60:31 Loom
61:28 Plate Barding Armor
61:29 Iron Casting
75:00 Cavalier
75:03 Man-at-Arms
75:06 Heavy Scorpion
75:10 Capped Ram
76:12 Sipahi
75:23 Crossbowman
76:08 Thumb Ring
Leonidas308284
6:15 Loom
11:38 Feudal Age
11:58 Horse Collar
12:04 Double-Bit Axe
13:10 Wheelbarrow
16:54 Gold Mining
19:45 Castle Age
18:59 Stone Mining
29:07 Bow Saw
30:03 Gold Shaft Mining
31:09 Stone Shaft Mining
30:45 Crossbowman
32:27 Thumb Ring
32:27 Kamandaran
33:01 Squires
36:10 Imperial Age
36:00 Bloodlines
35:11 Light Cavalry
35:52 Husbandry
36:09 Town Watch
36:40 Hand Cart
36:15 Arson
35:50 Pikeman
36:38 Elite War Elephant
37:37 Murder Holes
39:32 Chemistry
39:56 Hussar
39:57 Cavalier
43:37 Hoardings
44:17 Padded Archer Armor
44:08 Fletching
44:28 Forging
44:24 Caravan
44:18 Savar
46:09 Onager
49:07 Two-Man Saw
48:10 Heavy Plow
58:53 Crop Rotation
59:12 Leather Archer Armor
59:04 Scale Barding Armor
62:06 Halberdier
62:06 Man-at-Arms
62:32 Gambesons
63:26 Town Patrol
64:22 Ballistics
63:53 Heated Shot
64:14 Masonry
65:26 Chain Barding Armor
65:07 Scale Mail Armor
65:37 Ring Archer Armor
65:03 Bodkin Arrow
shprot
11:03 Feudal Age
9:31 Loom
14:46 Castle Age
14:09 Horse Collar
14:17 Double-Bit Axe
28:51 Bow Saw
31:37 Bloodlines
31:27 Husbandry
34:15 Tusk Swords
36:06 Scale Barding Armor
37:56 Wheelbarrow
38:39 Light Cavalry
39:40 Chain Barding Armor
39:32 Forging
40:46 Scale Mail Armor
43:24 Imperial Age
41:12 Hand Cart
41:00 Heavy Plow
40:53 Gold Mining
40:54 Stone Mining
41:20 Masonry
42:40 Caravan
43:20 Iron Casting
43:01 Chain Mail Armor
44:43 Elite Ballista Elephant
45:24 Double Crossbow
44:48 Heavy Scorpion
45:53 Town Watch
46:45 Plate Barding Armor
47:11 Blast Furnace
46:34 Ballistics
46:21 Siege Engineers
46:48 Crop Rotation
47:03 Conscription
52:38 Cavalier
59:05 Chemistry
58:44 Gold Shaft Mining
58:44 Stone Shaft Mining
60:11 Capped Ram
60:32 Capped Ram
67:51 Siege Ram
73:27 Onager
marcos_trujillo
11:45 Feudal Age
13:27 Double-Bit Axe
15:46 Castle Age
14:33 Horse Collar
14:45 Gold Mining
22:18 Wheelbarrow
29:06 Imperial Age
26:53 Hand Cart
26:52 Bloodlines
26:51 Scale Barding Armor
27:35 Bow Saw
27:29 Heavy Plow
28:05 Ballistics
30:13 Cavalier
32:05 Chain Barding Armor
31:25 Pikeman
32:20 Paladin
32:37 Halberdier
33:34 Fletching
33:44 Padded Archer Armor
35:02 Two-Man Saw
36:17 Plate Barding Armor
36:35 Conscription
38:22 Husbandry
39:04 Squires
39:09 Scale Mail Armor
39:20 Forging
40:29 Crop Rotation
41:16 Chain Mail Armor
41:37 Iron Casting
41:56 Bodkin Arrow
43:11 Chemistry
42:39 Elite Skirmisher
43:31 Crossbowman
43:34 Imperial Skirmisher
48:02 Bracer
48:18 Leather Archer Armor
54:42 Light Cavalry
59:53 Winged Hussar
lucas_mondaca
13:37 Feudal Age
18:32 Castle Age
16:36 Horse Collar
16:47 Double-Bit Axe
18:25 Stone Mining
18:28 Gold Mining
20:03 Wheelbarrow
23:21 Forging
23:11 Scale Mail Armor
25:01 Pikeman
25:42 Squires
26:01 Chain Mail Armor
26:22 Iron Casting
25:59 Heavy Plow
26:25 Hamask
28:44 Hand Cart
29:27 Stone Shaft Mining
35:09 Gold Shaft Mining
38:16 Imperial Age
41:07 Bow Saw
40:30 Halberdier
43:11 Plate Mail Armor
43:42 Blast Furnace
44:20 Chemistry
44:34 Elite Jomsviking
44:43 Northmen's Fury
50:04 Arson
57:12 Conscription
56:48 Onager
58:44 Siege Onager
WARSITO.
11:20 Feudal Age
20:14 Castle Age
18:06 Double-Bit Axe
18:06 Horse Collar
19:04 Stone Mining
19:15 Fletching
22:10 Bow Saw
22:06 Bodkin Arrow
27:20 Forging
27:29 Pikeman
31:14 Wheelbarrow
30:20 Elite Skirmisher
40:15 Imperial Age
38:53 Padded Archer Armor
39:30 Iron Casting
39:38 Ballistics
40:09 Hand Cart
39:42 Town Watch
40:53 Squires
41:01 Scale Mail Armor
42:08 Chemistry
42:57 Chain Mail Armor
42:04 Halberdier
42:08 Imperial Skirmisher
44:15 Two-Man Saw
45:31 Plate Mail Armor
46:10 Bracer
47:43 Chemistry
47:56 Leather Archer Armor
RicardowaR
11:16 Feudal Age
12:33 Double-Bit Axe
12:31 Horse Collar
13:09 Man-at-Arms
22:30 Castle Age
23:48 Scale Mail Armor
25:25 Heavy Plow
25:27 Long Swordsman
25:52 Pikeman
26:33 Squires
27:22 Fletching
28:10 Wheelbarrow
27:33 Town Watch
27:34 Loom
28:48 Bow Saw
36:18 Imperial Age
34:04 Hand Cart
33:50 Town Patrol
36:40 Elite Hussite Wagon
38:08 Halberdier
38:09 Two-Handed Swordsman
38:36 Arson
46:14 Chemistry
45:35 Ballistics
45:26 Masonry
45:22 Siege Engineers
45:14 Murder Holes
49:07 Two-Man Saw
48:26 Fortified Wall
49:35 Caravan
50:04 Conscription
52:34 Champion
53:32 Wagenburg Tactics
53:49 Conscription
56:53 Bodkin Arrow
57:12 Forging
57:20 Chain Mail Armor
57:12 Scale Barding Armor
60:15 Architecture
62:49 Houfnice
Connection lost

Rejoining the realm…

Still unreachable

The connection could not be restored.

Session expired

The server has moved on; the page needs a fresh start.